 Dungeon Crawl Stone Soup version 0.31-a0-185-g9dded2c639 (webtiles) character file.

Game seed: 16038182962975958611

9 qw the Shooter (level 2, -3/16 HPs)
             Began as a Deep Elf Hunter on June 22, 2023.
             Slain by a hobgoblin (6 damage)
             ... led by Robin
             ... on level 2 of the Dungeon.
             The game lasted 00:00:03 (109 turns).

qw the Shooter (Deep Elf Hunter)                     Turns: 109, Time: 00:00:03

Health: -3/16      AC:  3    Str:  8    XL:     2   Next: 6%
Magic:  4/4        EV: 12    Int: 13    God:
Gold:   18         SH:  0    Dex: 18    Spells: 1/1 levels left

rFire   . . .        a - +0 shortbow
rCold   . . .        (shield currently unavailable)
rNeg    . . .        c - +0 leather armour
rPois   .            (no helmet)
rElec   .            (no cloak)
rCorr   .            (no gloves)
SInv    .            (no boots)
Will    .....        (no amulet)
Stlth   ++           (no ring)
HPRegen 0.22/turn    (no ring)
MPRegen 0.09/turn

%: no passive effects
@: no status effects
A: no striking features
a: no special abilities


You were on level 2 of the Dungeon.
You visited 1 branch of the dungeon, and saw 2 of its levels.

You collected 18 gold pieces.


   Skills:
 - Level 1.5 Fighting
 + Level 6.0 Ranged Weapons
 - Level 2.4 Dodging
 - Level 1.2 Stealth


You had one spell level left.
You didn't know any spells.
Your spell library was empty.

Inventory:

Hand Weapons
 a - a +0 shortbow (weapon)
Armour
 c - a +0 leather armour (worn)
Scrolls
 b - a scroll of butterflies
 d - a scroll of identify {unknown}
 e - a scroll of fog {unknown}

Dungeon Overview and Level Annotations

Branches:
Dungeon (1/15)

Altars:

Annotations:
D:2 Robin


Message History

A goblin comes into view. It is wielding a +0 dagger.
You shoot an arrow. The arrow closely misses the jackal.
The arrow hits the goblin.
You kill the goblin!
The jackal closely misses you.
A hobgoblin comes into view.
The jackal barely misses you.
You shoot an arrow. The arrow misses the jackal.
The arrow closely misses the hobgoblin.
The arrow hits the goblin!
You kill the goblin!
The jackal closely misses you.
Robin of the Strong Arm comes into view.
They are wielding a +0 club and carrying a wand of polymorph (15).
You shoot an arrow. The arrow hits the jackal.
The jackal is almost dead.
You hear a shout!
The jackal barely misses you. x2
You hear an angry hiss.
You hear a shout!
You shoot an arrow. The arrow hits the jackal.
You kill the jackal!
Robin throws the goblin at you! The goblin barely misses you.
You have reached level 2!
You shoot an arrow. The arrow hits the goblin.
You kill the goblin!
You hear a shout!
The goblin closely misses you.
Robin roars a battlecry!
The goblins go into a battle-frenzy!
The goblin misses you.
Your Ranged Weapons skill increases to level 6!
You shoot an arrow.
The arrow hits the goblin but does no damage.
The hobgoblin hits you but does no damage.
The goblin hits you with a +0 club. The goblin hits you with a +0 dagger.
Robin says, "Kneel, worm!"
Robin throws the goblin at you!
You shoot an arrow. The arrow closely misses the goblin.
The arrow hits the goblin!
You kill the goblin!
The hobgoblin hits you.
You die... ##### #...# #...# #.g.# #..@# #.gggg#

##.##)g..
#.#
#)##.#
#.# .#
#.. # ##


You could see Robin, 2 hobgoblins and 3 goblins.

Vanquished Creatures
  A bat (D:1)
  5 goblins (D:2)
  2 jackals (D:2)
8 creatures vanquished.

Notes
Turn   | Place    | Note
-------+----------+-------------------------------------------
     0 | D:1      | qw the Deep Elf Hunter began the quest for the Orb.
     0 | D:1      | Reached XP level 1. HP: 12/12 MP: 3/3
     0 | D:1      | 0 ||| qw: Version: 0.3-a-9-g12657ce
     0 | D:1      | 0 ||| qw: Game counter: 1886
     0 | D:1      | 0 ||| qw: Always use a shield: true
     0 | D:1      | 0 ||| qw: God list: Okawaru
     0 | D:1      | 0 ||| qw: Allow faded altars: false
     0 | D:1      | 0 ||| qw: Do Orc after D:15 true
     0 | D:1      | 0 ||| qw: Do second Lair branch before Depths: true
     0 | D:1      | 0 ||| qw: Lair rune preference: random
     0 | D:1      | 0 ||| qw: Plans: Normal
     0 | D:1      | 0 ||| PLANNING D:1-11
    93 | D:1      | You fall into a shaft and drop 1 floor!
   104 | D:2      | Noticed Robin
   107 | D:2      | Reached XP level 2. HP: 9/16 MP: 4/4
   108 | D:2      | Reached skill level 6 in Ranged Weapons
   108 | D:2      | HP: 3/16 [Robin/goblin (2)]
   109 | D:2      | Slain by a hobgoblin

Levels and vault maps discovered:
D:1:      dpeg_arrival_castle, layout_basic
D:2:      layout_rooms, uniq_robin

Skill      XL: |  1  2 |
---------------+-------+-----
Ranged Weapons | 6 |  6.0
Fighting       | |  1.5
Dodging        | |  2.4
Stealth        | |  1.2

Action                     || total
---------------------------++-------
   Fire: Shortbow          ||    16
 Armour: Leather armour    ||     1
  Dodge: Dodged            ||    10

Table legend:
 A = Non-vault XP
 B = Vault XP
 C = Vault XP percentage of total XP
 D = Non-vault monster count
 E = Vault monster count
 F = Vault count percentage of total count
                 A         B        C        D         E       F
            +---------+---------+-------+---------+---------+-------
      Total |       6 |      10 |  62.5 |       3 |       5 |  62.5
            +---------+---------+-------+---------+---------+-------
        D:1 |       2 |       0 |   0.0 |       1 |       0 |   0.0
        D:2 |       4 |      10 |  71.4 |       2 |       5 |  71.4
            +---------+---------+-------+---------+---------+-------
